Map: 光影交错-天梯版

Players

Cyan

  • Race: Protoss Protoss
  • League: Master

夜蝶蝶蝶蝶蝶蝶蝶 (Firefly) - Winner!

  • Race: Protoss Protoss

Event: DreamHack SC2 Masters 2020 Winter

VOD

Have the link to the VOD?

Description

Time

  • Played on: Oct. 14, 2020, 8:05 a.m.
  • Length: 10:20

All games in this series

Show
View Real Time Build Order
Export as new Build Order

Cyan Protoss 

Build Orders: Phoenix Opening, Blink Stalkers 

Get SALT Encoding   

  12  0:00  Probe  
  13  0:12  Probe  
  14  0:18  Pylon  
  14  0:25  Probe (Chrono Boost)  
  15  0:37  Probe (Chrono Boost)  
  15  0:38  Gateway  
  16  0:45  Probe (Chrono Boost)  
  16  0:46  Assimilator  
  17  0:51  Probe  
  17  0:55  Assimilator  
  18  1:03  Probe (Chrono Boost)  
  19  1:08  Gateway  
  19  1:13  Probe (Chrono Boost)  
  19  1:18  Probe (Chrono Boost)  
  21  1:27  Cybernetics Core  
  21  1:30  Probe  
  22  1:34  Pylon  
  22  1:42  Probe  
  23  1:54  Probe  
  24  2:01  Warp Gate (Chrono Boost)  
  24  2:03  Stalker x2  
  24  2:06  Probe  
  29  2:14  Pylon  
  29  2:18  Probe  
  30  2:27  Pylon  
  30  2:35  Sentry  
  32  2:39  Sentry  
  34  2:50  Nexus  
  34  2:52  Shield Battery  
  34  2:55  Probe  
  35  3:04  Twilight Council  
  35  3:09  Probe  
  35  3:10  Phoenix  
  36  3:14  Pylon  
  36  3:21  Probe  
  37  3:33  Probe  
  38  3:38  Blink (Chrono Boost)  
  38  3:41  Stalker  
  38  3:44  Stalker  
  38  3:45  Probe  
  43  3:59  Probe (Chrono Boost)  
  44  4:03  Forge  
  44  4:04  Probe (Chrono Boost)  
  46  4:14  Probe x2 (Chrono Boost)  
  47  4:21  Robotics Facility  
  47  4:22  Probe (Chrono Boost)  
  49  4:25  Probe (Chrono Boost)  
  49  4:27  Probe (Chrono Boost)  
  50  4:32  Protoss Ground Weapons Level 1 (Chrono Boost), Probe  
  50  4:35  Gateway  
  51  4:40  Gateway, Probe  
  51  4:43  Assimilator  
  52  4:48  Probe  
  52  4:52  Probe  
  54  4:55  Assimilator, Pylon  
  54  4:59  Shield Battery  
  54  5:00  Probe  
  54  5:02  Sentry  
  54  5:05  Probe  
  58  5:08  Stalker  
  58  5:12  Observer  
  58  5:13  Probe  
  62  5:17  Probe  
  63  5:23  Pylon  
  63  5:25  Probe  
  63  5:27  Pylon  
  64  5:33  Warp Prism  
  64  5:34  Stalker  
  68  5:35  Sentry  
  68  5:42  Stalker  
  72  5:44  Stalker  
  72  6:03  Stalker x2  
  73  6:08  Stalker x2, Shield Battery  
  73  6:09  Probe x2  
  73  6:21  Probe x2  
  75  6:27  Stalker x2  
  75  6:31  Pylon  
  75  6:32  Stalker x2  
  83  6:35  Probe  
  83  6:37  Probe  
  85  6:49  Nexus  
  85  6:52  Pylon  
  85  7:09  Stalker x4  
  93  7:18  Pylon  
  93  7:19  Pylon  
  84  7:30  Observer  
  82  7:37  Stalker x2  
  82  7:38  Stalker x2, Protoss Ground Weapons Level 2 (Chrono Boost)  
  82  7:42  Immortal (Chrono Boost)  
  70  7:46  Stalker x2  
  70  7:47  Stalker  
  70  7:48  Stalker  
  82  7:53  Probe x2  
  84  8:05  Gateway, Probe  
  85  8:06  Gateway, Probe  
  85  8:11  Gateway  
  86  8:17  Gateway  
  87  8:20  Probe  
  87  8:28  Observer  
  87  8:29  Immortal  
  87  8:30  Probe (Chrono Boost)  
  87  8:32  Probe (Chrono Boost)  
  87  8:33  Observer  
  94  8:34  Probe (Chrono Boost)  
  94  8:35  Sentry  
  94  8:37  Sentry  
  94  8:40  Probe (Chrono Boost)  
  99  8:42  Probe (Chrono Boost)  
  99  8:44  Probe (Chrono Boost)  
  99  8:45  Probe (Chrono Boost)  
  102  8:49  Pylon  
  102  8:54  Probe, Templar Archives  
  103  8:57  Probe  
  105  9:02  Probe  
  105  9:05  Pylon  
  105  9:08  Shield Battery x2  
  105  9:17  Immortal (Chrono Boost)  
  105  9:19  Probe  
  105  9:22  Assimilator  
  110  9:24  Shield Battery  
  110  9:26  Assimilator  
  110  9:32  Shield Battery  
  110  9:33  Pylon  
  110  9:34  Shield Battery  
  110  9:36  Stalker x2  
  110  9:38  High Templar x2  
  106  9:40  High Templar  
  106  9:41  High Templar  
  106  9:43  Archon  
  106  9:45  Archon  
  111  9:48  Zealot x2  
  111  9:49  Observer  
  91  10:00  Zealot x2  
  86  10:10  Zealot x3  
  86  10:11  Zealot  
Show
View Real Time Build Order
Export as new Build Order

夜蝶蝶蝶蝶蝶蝶蝶 Protoss - Winner!

Build Orders: Phoenix Opening, Blink Stalkers, Chargelot Immortal 

Get SALT Encoding   

  12  0:00  Probe  
  13  0:12  Probe  
  14  0:17  Pylon  
  14  0:24  Probe  
  15  0:35  Gateway  
  15  0:36  Probe (Chrono Boost)  
  16  0:46  Probe (Chrono Boost)  
  16  0:47  Assimilator  
  17  0:51  Probe (Chrono Boost)  
  17  0:57  Assimilator  
  18  1:03  Probe (Chrono Boost)  
  19  1:09  Gateway  
  19  1:13  Probe (Chrono Boost)  
  19  1:18  Probe (Chrono Boost)  
  21  1:26  Cybernetics Core  
  21  1:29  Probe  
  22  1:34  Pylon  
  22  1:41  Probe  
  23  1:53  Probe  
  24  2:02  Stalker x2  
  24  2:03  Warp Gate  
  24  2:05  Probe  
  29  2:15  Pylon  
  29  2:35  Sentry  
  33  2:37  Sentry  
  33  2:49  Nexus  
  33  2:52  Shield Battery  
  33  2:54  Probe  
  34  3:02  Twilight Council  
  34  3:06  Probe  
  34  3:08  Phoenix  
  35  3:17  Forge  
  35  3:18  Probe  
  36  3:30  Phoenix  
  36  3:31  Probe  
  37  3:36  Pylon  
  37  3:38  Blink (Chrono Boost)  
  37  3:39  Protoss Ground Weapons Level 1 (Chrono Boost)  
  37  3:43  Probe (Chrono Boost)  
  38  3:53  Probe (Chrono Boost)  
  39  3:58  Probe (Chrono Boost)  
  40  4:06  Gateway  
  41  4:10  Dark Shrine  
  41  4:13  Probe  
  41  4:14  Probe  
  42  4:21  Gateway  
  42  4:25  Probe (Chrono Boost)  
  44  4:32  Probe (Chrono Boost)  
  44  4:36  Probe (Chrono Boost)  
  45  4:39  Stalker  
  45  4:41  Probe (Chrono Boost)  
  45  4:42  Robotics Facility  
  48  4:45  Probe  
  48  4:47  Assimilator  
  48  4:52  Probe  
  50  4:54  Stalker  
  52  5:02  Stalker x2  
  52  5:04  Probe x2  
  58  5:11  Phoenix  
  58  5:14  Pylon  
  58  5:18  Adept  
  58  5:19  Adept  
  62  5:28  Nexus  
  62  5:32  Pylon  
  62  5:35  Probe x2  
  63  5:41  Stalker  
  66  5:44  Stalker  
  66  5:45  Observer  
  66  5:47  Probe  
  70  5:54  Probe  
  70  5:56  Stalker x2  
  73  6:02  Probe  
  72  6:08  Probe  
  72  6:10  Protoss Ground Weapons Level 2 (Chrono Boost)  
  73  6:14  Immortal (Chrono Boost)  
  73  6:15  Probe  
  74  6:20  Shield Battery  
  74  6:28  Stalker  
  74  6:29  Stalker  
  74  6:31  Pylon  
  78  6:33  Shield Battery  
  78  6:37  Pylon  
  80  6:40  Probe x2  
  80  6:42  Probe  
  80  6:44  Sentry  
  83  6:52  Probe x2  
  85  6:54  Immortal  
  85  6:55  Probe  
  90  7:03  Stalker x2  
  90  7:04  Probe x2  
  90  7:07  Probe  
  97  7:15  Stalker  
  99  7:16  Probe  
  99  7:22  Pylon  
  100  7:28  Stalker x2  
  90  7:40  Observer  
  90  7:41  Stalker  
  90  7:43  Immortal (Chrono Boost)  
  88  7:51  Charge  
  88  7:54  Observer  
  88  7:55  Gateway  
  88  7:56  Gateway  
  88  7:57  Gateway  
  88  7:59  Stalker x2  
  88  8:00  Probe x3  
  88  8:05  Gateway  
  95  8:07  Gateway  
  95  8:09  Pylon  
  95  8:13  Sentry  
  95  8:15  Warp Prism (Chrono Boost)  
  99  8:22  Nexus  
  99  8:23  Assimilator  
  99  8:24  Stalker  
  99  8:25  Stalker  
  103  8:38  Pylon  
  103  8:41  Zealot  
  105  8:46  Pylon  
  105  8:48  Zealot x2  
  109  9:00  Stalker x2  
  113  9:03  Zealot x4  
  113  9:09  Shield Battery  
  121  9:13  Zealot x2  
  124  9:24  Pylon  
  124  9:25  Pylon  
  124  9:27  Pylon  
  124  9:32  Immortal (Chrono Boost)  
  124  9:36  Zealot  
  124  9:37  Zealot x5  
  140  9:40  Pylon  
  140  9:42  Zealot x2  
  132  10:06  Zealot x8  
Tags
 
Add a new tag
Caveats
  • Supply blocks, unpowered buildings, or Contaminate may cause inaccurate times.
  • Supply counts are checked every 10 seconds.